Construct Section Command Post
Selects Heavy Armor Battlegroup
Construct Platoon Command Post
Construct Company Command Post
Selects Rigorous Vehicle Training
Selects Forward Repair Assembly
6-pounder Anti-tank Gun Team
Construct Field Infirmary
Unlock Bishop Self-propelled Artillery
Unlock Towed 17-pounder Anti-tank Guns
Bishop Self-propelled Artillery
17-pounder Anti-tank Gun Team
Selects Churchill Black Prince Heavy Tank
Churchill Black Prince Heavy Tank